 Dungeon Crawl Stone Soup version 0.31-a0-229-g1fc7ce93e2 (webtiles) character file.

Game seed: 1040855984904544393

184 qw the Shooter (level 5, -4/45 HPs)
             Began as a Minotaur Hexslinger on July 6, 2023.
             Killed by divine providence
             ... invoked by an orc priest
              (12 damage)
             ... on level 3 of the Dungeon.
             The game lasted 00:00:48 (1575 turns).

qw the Shooter (Minotaur Hexslinger)                Turns: 1575, Time: 00:00:49

Health: -4/45      AC: 10    Str: 13    XL:     5   Next: 36%
Magic:  5/5        EV: 11    Int: 10    God:
Gold:   194        SH:  0    Dex: 14    Spells: 5/6 levels left

rFire   . . .        Y - +1 sling
rCold   + . .        (no shield)
rNeg    . . .        f - +4 ring mail {rC+}
rPois   .            (helmet restricted)
rElec   .            (no cloak)
rCorr   .            b - +0 pair of gloves
SInv    .            (no boots)
Will    .....        (no amulet)
Stlth   +            (no ring)
HPRegen 0.27/turn    (no ring)
MPRegen 0.09/turn

%: no passive effects
@: no status effects
A: horns 2, retaliatory headbutt
a: no special abilities


You were on level 3 of the Dungeon.
You visited 1 branch of the dungeon, and saw 3 of its levels.

You collected 194 gold pieces.


Innate Abilities, Weirdness & Mutations

You have a pair of horns on your head.
You reflexively headbutt those who attack you in melee.


   Skills:
 - Level 3.0 Fighting
 + Level 5.2 Ranged Weapons
 - Level 2.1 Armour
 - Level 2.1 Dodging
 - Level 1.0 Spellcasting
 - Level 2.0 Hexes


You had 5 spell levels left.
You knew the following spells:

 Your Spells              Type           Power      Damage    Failure   Level
a - Slow                  Hex            16%        N/A       32%         1

Your spell library contained the following spells:

 Spells                   Type           Power      Damage    Failure   Level
 Inner Flame              Hex/Fire       2%         N/A       82%         3
 Portal Projectile        Hex/Tloc       4%         N/A       82%         3
 Cause Fear               Hex            2%         N/A       97%         4

Inventory:

Hand Weapons
 Y - a +1 sling (weapon)
Armour
 b - a +0 pair of gloves (worn)
 f - a +4 ring mail of cold resistance (worn)
Scrolls
 c - a scroll of identify
Potions
 a - a potion of curing {unknown}
 g - a potion of might {unknown}

Dungeon Overview and Level Annotations

Branches:
Dungeon (3/15)

Altars:


Message History

The sling bullet closely misses the orc priest.
The orc hits you with a +0 short sword. The orc priest barely misses you.
You furiously retaliate!
You headbutt the orc priest.
The orc priest calls down the wrath of Beogh upon you.
Beogh smites you!
You hear a shout!
You shoot a sling bullet.
The sling bullet barely misses the orc priest.
The sling bullet closely misses the orc.
You hear a shout!
The orc priest looks braver for a moment.
An orc comes into view. It is wielding a +0 mace.
The orc closely misses you.
You shoot a sling bullet.
The sling bullet closely misses the orc priest.
The orc hits you but does no damage.
The orc priest calls down the wrath of Beogh upon you.
Beogh smites you! The orc hits you with a +0 short sword.
You shoot a sling bullet.
The sling bullet completely misses the orc priest.
The sling bullet hits the orc.
The orc is moderately wounded.
The orc hits you but does no damage. The orc closely misses you.
The orc priest misses you.
You shoot a sling bullet.
The sling bullet closely misses the orc priest.
The sling bullet hits the orc but does no damage.
The orc is moderately wounded.
The orc closely misses you.
The orc priest hits you but does no damage.
The orc hits you but does no damage. x2; The orc hits you with a +0 mace.
The orc priest hits you but does no damage.
You shoot a sling bullet. The sling bullet hits the orc priest.
The orc priest is almost dead.
The orc closely misses you. You furiously retaliate!
You headbutt the orc!
You kill the orc!
The orc hits you but does no damage.
The orc priest mumbles some strange prayers to Beogh against you.
Beogh smites you!
You die...

#.##<.....#
#.###.###.#
##.###.###
#........#
#.##.#.#.#
#.##.#.#.# #
##..).....#
#.#oo.......#
#..o@#.###.##
##)###.# ...
#. ..# ###.)
.. #### .#
#o# # .. o#.
.#.


You could see an orc priest and 2 orcs.

Vanquished Creatures
  Terence (D:2)
  Natasha (thrice) (D:2)
  5 dart slugs
  2 worms (D:2)
  2 orcs (D:3)
  5 ball pythons
  4 endoplasms
  3 giant cockroaches
  5 goblins
  6 hobgoblins
  2 jackals (D:2)
  10 quokkas
  4 bats
  5 frilled lizards
  A kobold (D:1)
  6 rats
64 creatures vanquished.

Notes
Turn   | Place    | Note
-------+----------+-------------------------------------------
     0 | D:1      | qw the Minotaur Hexslinger began the quest for the Orb.
     0 | D:1      | Reached XP level 1. HP: 16/16 MP: 1/1
     0 | D:1      | 0 ||| qw: Version: 0.3-a-46-gb1f654a
     0 | D:1      | 0 ||| qw: Game counter: 1687
     0 | D:1      | 0 ||| qw: Melee chars always use a shield: true
     0 | D:1      | 0 ||| qw: God list: Okawaru
     0 | D:1      | 0 ||| qw: Allow faded altars: false
     0 | D:1      | 0 ||| qw: Do Orc after clearing Dungeon:15 true
     0 | D:1      | 0 ||| qw: Do second Lair branch before Depths: true
     0 | D:1      | 0 ||| qw: Lair rune preference: random
     0 | D:1      | 0 ||| qw: Goals: Normal
     0 | D:1      | 0 ||| PLANNING D:1-11
    64 | D:1      | Reached skill level 3 in Ranged Weapons
    69 | D:1      | Reached XP level 2. HP: 23/23 MP: 2/2
   193 | D:1      | Reached XP level 3. HP: 24/29 MP: 3/3
   488 | D:1      | Reached skill level 4 in Ranged Weapons
   562 | D:1      | 562 ||| UPGRADING to +4 ring mail of cold resistance.
   572 | D:1      | 572 ||| DROPPING +0 robe.
   573 | D:1      | 573 ||| READING scroll labelled MICHAOGGEN.
   574 | D:1      | 574 ||| READING scroll labelled HULOSU WICY.
   575 | D:1      | 575 ||| DROPPING scroll of poison.
   620 | D:2      | Noticed Natasha
   629 | D:2      | Killed Natasha
   630 | D:2      | Reached XP level 4. HP: 30/36 MP: 4/4
   779 | D:2      | Noticed Natasha
   787 | D:2      | Killed Natasha
  1050 | D:2      | Noticed Natasha
  1055 | D:2      | Killed Natasha
  1056 | D:2      | Reached skill level 5 in Ranged Weapons
  1056 | D:2      | Reached XP level 5. HP: 18/41 MP: 5/5
  1061 | D:2      | 1061 ||| FLEEEEING.
  1156 | D:2      | Noticed Terence
  1176 | D:2      | Killed Terence
  1399 | D:2      | Reached skill level 3 in Fighting
  1511 | D:2      | 1511 ||| UPGRADING to +0 pair of gloves.
  1516 | D:2      | 1516 ||| READING scroll labelled TADAOC GUTHU.
  1565 | D:3      | 1565 ||| Stepping ~*~*~tactically~*~*~ (outnumbered).
  1572 | D:3      | HP: 10/45 [orc/+0 short sword (4)]
  1575 | D:3      | Killed from afar by an orc priest

Levels and vault maps discovered:
D:1:      giann_wishing_wells, layout_basic, minmay_misc_feat_diagonals
D:2:      layout_loops_ring, minmay_gold_behind_fungi, uniq_terence,
          uniq_natasha
D:3:      layout_basic, grunt_temple_overflow_open, serial_shops,
          nicolae_shop_hallway_plus, kennysheep_generic_room_7

Skill      XL: |  1  2  3  4  5 |
---------------+----------------+-----
Ranged Weapons | 3 4 5 |  5.2
Fighting       | 2 3 |  3.0
Armour         | 2 |  2.1
Dodging        | |  2.1
Spellcasting   | |  1.0
Hexes          | |  2.0

Action                     |  1- 3 |  4- 6 || total
---------------------------+-------+-------++-------
   Fire: Sling             |   108 |   115 ||   223
    Use: Scroll            |     2 |     1 ||     3
 Armour: Robe              |     9 |       ||     9
         Ring mail         |    10 |    24 ||    34
  Dodge: Dodged            |    25 |    35 ||    60

Table legend:
 A = Non-vault XP
 B = Vault XP
 C = Vault XP percentage of total XP
 D = Non-vault monster count
 E = Vault monster count
 F = Vault count percentage of total count
                 A         B        C        D         E       F
            +---------+---------+-------+---------+---------+-------
      Total |     192 |      74 |  27.8 |      62 |       2 |   3.1
            +---------+---------+-------+---------+---------+-------
        D:1 |      64 |       0 |   0.0 |      33 |       0 |   0.0
        D:2 |     117 |      74 |  38.7 |      24 |       2 |   7.7
        D:3 |      11 |       0 |   0.0 |       5 |       0 |   0.0
            +---------+---------+-------+---------+---------+-------
